AoeStats
← leorssu

Arabia

510009902Analyzed
4v4 RM · 2d ago on Sep 29, 2026· 48m 43s· 8 players
Game mode
Random Map
Map size
Large (8 player)
Population
200
Speed
Normal
Resources
Standard
Victory
Conquest
Starting age
Dark Age
Ending age
Imperial Age
RankedLock teamsTeams togetherTeam positionsShared explorationLock speedFull tech treeHidden civsTurbo modeCheats
Victory
Defeat
🇨🇴 Franks · Colombia
1194
+5
🇲🇽 Ethiopians · Mexico
936
+14
🇨🇴 Persians · Colombia
834
+18
🇨🇴 Georgians · Colombia
594
+26
🇺🇾 Huns · Uruguay
998
-20
🇦🇷 Wu · Argentina
907
-17
🇦🇷 Saxons · Argentina
859
-15
🇺🇾 Danes · Uruguay
765
-11
Cr3wCo
8:48 Feudal Age
7:05 Loom
9:25 Double-Bit Axe
14:48 Wheelbarrow
17:44 Scale Barding Armor
19:11 Gold Mining
22:06 Castle Age
20:53 Forging
22:13 Light Cavalry
22:53 Husbandry
26:40 Husbandry
29:04 Iron Casting
29:21 Chain Barding Armor
34:26 Stone Mining
35:11 Gold Shaft Mining
37:23 Imperial Age
35:34 Hand Cart
35:04 Town Watch
36:26 Murder Holes
36:42 Masonry
36:13 Treadmill Crane
37:27 Cavalier
39:03 Bow Saw
39:32 Plate Barding Armor
40:50 Paladin
44:06 Blast Furnace
42:57 Fletching
44:23 Conscription
45:57 Chemistry
45:27 Architecture
47:29 Chemistry
rafaguila
6:16 Loom
9:07 Feudal Age
13:22 Fletching
15:08 Padded Archer Armor
21:58 Castle Age
20:16 Double-Bit Axe
20:38 Horse Collar
21:31 Stone Mining
22:00 Crossbowman
23:12 Bodkin Arrow
24:36 Scale Mail Armor
26:08 Forging
26:16 Gold Mining
28:27 Wheelbarrow
28:30 Bow Saw
30:37 Chain Mail Armor
31:58 Heavy Plow
33:15 Iron Casting
33:31 Gold Shaft Mining
36:11 Royal Heirs
38:36 Hand Cart
38:54 Squires
38:39 Arson
39:39 Squires
49:49 Imperial Age
49:05 Scale Barding Armor
49:15 Leather Archer Armor
AngeloCDLM1946
12:36 Feudal Age
13:12 Horse Collar
13:49 Town Watch
20:46 Man-at-Arms
22:51 Wheelbarrow
22:42 Loom
23:06 Double-Bit Axe
23:12 Gold Mining
24:49 Stone Mining
28:40 Castle Age
30:29 Hand Cart
30:28 Bow Saw
30:22 Town Patrol
30:17 Light Cavalry
30:59 Husbandry
31:09 Bloodlines
32:20 Heavy Plow
32:54 Pikeman
33:35 Squires
32:57 Long Swordsman
33:22 Gambesons
35:39 Guard Tower
36:31 Stone Shaft Mining
36:42 Arson
41:44 Imperial Age
41:51 Capped Ram
42:04 Cavalier
44:52 Siege Ram
jsanchezg711
11:11 Feudal Age
9:41 Loom
11:45 Double-Bit Axe
11:49 Horse Collar
14:11 Wheelbarrow
20:08 Gold Mining
25:54 Forging
25:50 Scale Barding Armor
29:15 Castle Age
29:47 Husbandry
32:51 Heavy Plow
33:42 Iron Casting
35:13 Chain Barding Armor
34:59 Stone Mining
35:45 Gold Shaft Mining
35:56 Gold Shaft Mining
36:20 Squires
35:42 Pikeman
36:21 Man-at-Arms
36:47 Gambesons
37:41 Long Swordsman
48:07 Imperial Age
JoaKo_uy
7:38 Loom
13:58 Feudal Age
14:42 Double-Bit Axe
17:44 Horse Collar
27:22 Fletching
31:06 Wheelbarrow
30:11 Man-at-Arms
30:38 Arson
32:38 Forging
32:29 Scale Mail Armor
38:07 Castle Age
40:21 Long Swordsman
leorssu
9:21 Loom
11:49 Feudal Age
13:01 Man-at-Arms
13:58 Forging
17:50 Scale Mail Armor
22:39 Castle Age
23:51 Squires
25:06 Arson
25:59 Pikeman
29:02 Iron Casting
41:12 Wheelbarrow
40:22 Town Watch
45:32 Hand Cart
45:17 Town Patrol
51:28 Imperial Age
c.t_19
7:13 Loom
10:55 Feudal Age
12:05 Double-Bit Axe
13:48 Horse Collar
22:22 Castle Age
21:36 Gold Mining
27:15 Scale Barding Armor
28:26 Fletching
31:31 Wheelbarrow
32:57 Bloodlines
36:19 Hand Cart
39:38 Imperial Age
38:15 Chain Barding Armor
38:35 Marauders
40:31 Town Watch
41:02 Husbandry
41:43 Plate Barding Armor
42:06 Forging
42:26 Heavy Plow
QueMatracaAriel
10:44 Feudal Age
11:08 Loom
14:01 Double-Bit Axe
23:12 Castle Age
21:42 Gold Mining
21:43 Stone Mining
25:00 Scale Mail Armor
27:27 Bow Saw
27:00 Horse Collar
27:36 Forging
27:48 Fletching
27:44 Pikeman
30:36 Treadmill Crane
33:03 Wheelbarrow
35:25 Iron Casting
36:23 Chain Mail Armor
40:09 Imperial Age
39:54 Gold Shaft Mining
39:45 Bodkin Arrow
41:33 Conscription
41:23 Elite Hearth Troop
42:55 Plate Mail Armor
42:39 Murder Holes
44:50 Squires
44:36 Arson
45:01 Halberdier
Connection lost

Rejoining the realm…

Still unreachable

The connection could not be restored.

Session expired

The server has moved on; the page needs a fresh start.